 Dungeon Crawl Stone Soup version 0.29.0-5-ge4962eb29e (webtiles) character file.

Game seed: 10559308800623987246

2 Arcadio the Covert (level 1, -1/23 HPs)
             Began as a Gnoll Delver on Aug 29, 2022.
             Succumbed to an adder's poison
             ... on level 4 of the Dungeon.
             The game lasted 00:01:49 (266 turns).

Arcadio the Covert (Gnoll Delver)                    Turns: 266, Time: 00:01:49

Health: -1/23      AC:  3    Str: 11    XL:     1   Next: 30%
Magic:  1/1        EV: 13    Int:  9    God:
Gold:   9          SH:  0    Dex: 13    Spells: 0/0 levels left

rFire   . . .      SeeInvis .   a - +0 falchion
rCold   . . .      Faith    .   (no shield)
rNeg    . . .      Spirit   .   b - +0 leather armour
rPois   .          Reflect  .   (no helmet)
rElec   .          Harm     .   (no cloak)
rCorr   .          Rampage  .   (no gloves)
Will    .....                   (no boots)
Stlth   ++++......              (no amulet)
HPRegen 0.07/turn               (no ring)
MPRegen 0.07/turn               (no ring)

@: lethally poisoned (-1 -> -8)
A: fangs 1, strong nose, distributed training
a: no special abilities


You were on level 4 of the Dungeon.
You visited 1 branch of the dungeon, and saw 2 of its levels.

You collected 9 gold pieces.

Inventory:

Hand Weapons
 a - a +0 falchion (weapon)
Armour
 b - a +0 leather armour (worn)
 j - a +0 ring mail
Jewellery
 l - the amulet of Mefent {+Blink Fly rF- Regen+ Int+4}
   (You found it on level 4 of the Dungeon)

   [amulet of regeneration]

   Int:       It affects your intelligence (+4).
   rF:        It makes you vulnerable to fire.
   Fly:       It grants you flight.
   +Blink:    It lets you blink.
   Regen:     It increases your rate of health regeneration.
Wands
 g - a wand of digging (3)
Scrolls
 c - a scroll of fog
 d - a scroll of magic mapping
 e - 2 scrolls of fear
 h - 4 scrolls of identify {unknown}
 m - a scroll of amnesia {unknown}
Potions
 f - a potion of haste
 i - a potion of lignification {unknown}
 k - a potion of resistance {unknown}


   Skills:
 + Level 6.4 Fighting
 + Level 0.0 Short Blades
 + Level 4.4 Long Blades
 + Level 0.0 Axes
 + Level 0.0 Maces & Flails
 + Level 0.0 Polearms
 + Level 0.0 Staves
 + Level 0.0 Ranged Weapons
 + Level 0.0 Throwing
 + Level 0.0 Armour
 + Level 4.4 Dodging
 + Level 9.5 Stealth
 + Level 0.0 Shields
 + Level 0.0 Unarmed Combat
 + Level 0.0 Spellcasting
 + Level 0.0 Conjurations
 + Level 0.0 Hexes
 + Level 0.0 Summonings
 + Level 0.0 Necromancy
 + Level 0.0 Translocations
 + Level 0.0 Transmutations
 + Level 0.0 Fire Magic
 + Level 0.0 Ice Magic
 + Level 0.0 Air Magic
 + Level 0.0 Earth Magic
 + Level 0.0 Poison Magic
 + Level 0.1 Invocations
 + Level 0.0 Evocations


You couldn't memorise any spells.
You didn't know any spells.
Your spell library contained the following spells:

 Spells                   Type           Power      Damage    Failure   Level
 Static Discharge         Conj/Air       0%         3-3/arc   63%         2
 Dispel Undead            Necr           0%         3d6       99%         4
 Sticky Flame             Conj/Fire      0%         2d3       99%         4


Dungeon Overview and Level Annotations

Branches:
Dungeon (5/15) Zot: 11733
 Temple: D:4-7

Altars:

Annotations:
D:4 Menkaure, Natasha


Innate Abilities, Weirdness & Mutations

You have very sharp teeth.
Your uncanny sense of smell can sniff out nearby items.
Your experience applies equally to all skills.


Message History

Things that are here:
a +0 club; a goblin corpse An adder comes into view.
Natasha, Servant of Life and Death comes into view.
Found 19 gold pieces.
Things that are here:
a +0 club; a goblin corpse The adder attacks as you move away!
The adder bites you.
You barely miss the adder. The adder closely misses you.
The adder bites you but does no damage.
You hit the adder.
The adder is heavily wounded.
The adder completely misses you.
You hit the adder. Your punch misses the adder.
The adder is severely wounded.
The adder barely misses you. The adder misses you.
You hit the adder but do no damage.
The adder is severely wounded.
The adder bites you.
You are poisoned.
The adder poisons you!
You hit the adder.
The adder is severely wounded.
You feel sick. The adder misses you. The adder closely misses you.
You hit the adder.
The adder is almost dead.
You feel sick. The adder bites you but does no damage.
You closely miss the adder.
The adder is almost dead.
You feel sick. The adder bites you.
* * * LOW HITPOINT WARNING * * *
You are more poisoned.
The adder poisons you! The adder completely misses you.
You closely miss the adder.
The adder is almost dead.
* * * LOW HITPOINT WARNING * * *
You feel sick. The adder closely misses you.
You hit the adder.
You kill the adder!
You die...

##.#......#
#......
##.##...).#
#....J.
#..##.....#
####...
#####.....# ####
#.##### #..#
##.## #..#####
##.@†..#########
#####..#...$...
##)#h.....^
#.#....... ∆
#...S.....
##........
##.......
....... .......


There were no monsters in sight!

Vanquished Creatures
  An adder (D:4)
  A quokka (D:5)
  A goblin (D:4)
3 creatures vanquished.

Notes
Turn   | Place    | Note
-------+----------+-------------------------------------------
     0 | D:5      | Reached skill level 9 in Stealth
     0 | D:5      | Arcadio the Gnoll Delver began the quest for the Orb.
     0 | D:5      | Reached XP level 1. HP: 23/23 MP: 1/1
    77 | D:5      | Noticed a jelly
   180 | D:4      | Noticed Menkaure
   198 | D:4      | Identified the amulet of Mefent {+Blink Fly rF- Regen+
                  | Int+4}
   250 | D:4      | Noticed Natasha
   265 | D:4      | HP: 1/23 [poisoned by an adder]
   266 | D:4      | Succumbed to an adder's poison

Illustrated notes

Levels and vault maps discovered:
D:4:      layout_basic, nicolae_ru_the_path_less_chosen, minmay_fire_ice_demons,
          uniq_natasha, uniq_menkaure
D:5:      layout_gridville, kennysheep_mini_moat, serial_shops,
          nicolae_shop_hallway_stairs, eino_tiny_chamber, serial_bayou_pond_b,
          st_stairs_11

Skill      XL: | |
---------------+-+-----
Stealth        | |  9.5
Fighting       | |  6.4
Long Blades    | |  4.4
Dodging        | |  4.4
Invocations    | |  0.1

Action                   || total
-------------------------++-------
Melee: Falchion          ||    13
 Stab: Sleeping          ||     1
Armor: Leather armour    ||     2
Dodge: Dodged            ||    10
